 Dungeon Crawl Stone Soup version 0.22-a0-756-gc33bbe721d (webtiles) character file.

26 Kriby the Magician (level 2, -4/17 HPs)
             Began as a Deep Elf Warper on July 16, 2018.
             Killed from afar by a white imp (7 damage)
             ... with a puff of frost
             ... summoned by Natasha
             ... on level 2 of the Dungeon.
             The game lasted 00:04:32 (1181 turns).

Kriby the Magician (Deep Elf Warper)                Turns: 1181, Time: 00:04:33

Health: -4/17      AC:  3    Str:  8    XL:     2   Next: 89%
Magic:  8/8        EV: 12    Int: 17    God:
Gold:   23         SH:  0    Dex: 14    Spells: 8/8 levels left

rFire    . . .     SeeInvis .   b - +0 hunting sling
rCold    . . .     Gourm    .   (no shield)
rNeg     . . .     Faith    .   e - +0 leather armour
rPois    .         Spirit   .   (no helmet)
rElec    .         Reflect  .   h - scarf {repulsion}
rCorr    .         Harm     .   (no gloves)
MR       .....                  (no boots)
Stlth    +.........             (no amulet)
HPRegen  0.05/turn              (no ring)
MPRegen  0.11/turn              (no ring)

@: repel missiles
A: no striking features
a: no special abilities


You were on level 2 of the Dungeon.
You were hungry.

You visited 1 branch of the dungeon, and saw 2 of its levels.

You collected 23 gold pieces.

Inventory:

Hand Weapons
 a - a +0 short sword
 b - a +0 hunting sling (weapon)
Missiles
 c - 23 stones (quivered)
Armour
 d - a +0 ring mail
 e - a +0 leather armour (worn)
 h - a scarf of repulsion (worn)
Scrolls
 g - a scroll of noise {unknown}
 j - a scroll of teleportation {unknown}
Potions
 i - 2 potions of heal wounds {unknown}
Comestibles
 f - a ration {@e1}


   Skills:
 + Level 2.1 Fighting
 - Level 2.0 Short Blades
 - Level 1.0 Throwing
 - Level 0.7 Armour
 + Level 3.1 Dodging
 + Level 3.6 Spellcasting
   Level 3.2 Translocations


You had 8 spell levels left.
You didn't know any spells.
Your spell library contained the following spells:

 Spells                   Type           Power        Failure   Level  Hunger
 Teleport Other           Tloc           ##......     19%         3    ###....
 Blink                    Tloc           N/A          9%          2    ##.....
 Passage of Golubria      Tloc           N/A          52%         4    ####...
 Shroud of Golubria       Chrm/Tloc      #.........   19%         2    ##.....
 Gell's Gravitas          Tloc           ##........   19%         3    ###....
 Lesser Beckoning         Tloc           ##........   19%         3    ###....


Dungeon Overview and Level Annotations

Branches:
Dungeon (2/15)

Altars:

Annotations:
D:2 Natasha


Message History

Natasha casts a spell at you. You resist with significant effort.
Firing (i - inventory)
c - 24 stones (quivered)
Press: ? - help, Shift-Dir - straight line, f - Natasha
Aim: Natasha You shoot a stone.
The stone barely misses Natasha.
Natasha mumbles some strange words.
You aren't carrying any items that you can evoke.
Okay, then.
Natasha mumbles some strange words.
Natasha mumbles some strange words.
The crimson imp blinks!
The white imp gestures at you. The puff of frost hits you!
The white imp gestures at you. The puff of frost hits you!
* * * LOW HITPOINT WARNING * * *
The white imp gestures at you. The puff of frost hits you!
You die...

#.###.#..# ♣♣...♣♣
#.......## ♣♣♣♣♣
###.....# ##...##
#..## #..# ##.# #.#
#@### #####.#.##
#........# #.###.#.##
#.# #.#5#
##.###.#.########
######...##..#5...h5.#
.......#....#.######5#
####....###### (.


You could see a white imp.

Vanquished Creatures
  An ooze (D:2)
  A worm (D:2)
  A dart slug (D:2)
  2 leopard geckos
  A giant cockroach (D:1)
  4 goblins
  A hobgoblin (D:2)
  A bat (D:2)
  2 kobolds
  A rat (D:2)
15 creatures vanquished.

Notes
Turn   | Place    | Note
-------+----------+-------------------------------------------
     0 | D:1      | Kriby the Deep Elf Warper began the quest for the Orb.
     0 | D:1      | Reached XP level 1. HP: 12/12 MP: 6/6
   191 | D:2      | Reached XP level 2. HP: 5/17 MP: 8/8
  1170 | D:2      | Noticed Natasha
  1175 | D:2      | Noticed a crimson imp
  1181 | D:2      | Killed from afar by a white imp

Vault maps used:
D:1:      dpeg_arrival_arbitrary_b
D:2:      first_ration, kennysheep_generic_room_8, uniq_natasha

Skill      XL: |  1  2 |
---------------+-------+-----
Fighting       | 2 |  2.1
Dodging        | 3 |  3.1
Short Blades   | |  2.0
Throwing       | |  1.0
Armour         | |  0.7
Spellcasting   | |  3.6
Translocations | |  3.2

Action                   || total
-------------------------++-------
Melee: Short sword       ||    58
 Fire: Hunting sling     ||     6
Throw: Tomahawk          ||     5
  Use: Scroll            ||     1
Armor: Leather armour    ||    10
Dodge: Dodged            ||    37
       Deflected         ||     3

Table legend:
 A = Spawn XP
 B = Non-spawn XP
 C = Spawn XP percentage of total XP
 D = Spawn monster count
 E = Non-spawn monster count
 F = Spawn count percentage of total count
 G = Total turns spent on level
                    A         B        C        D         E        F      G
               +---------+---------+-------+---------+---------+-------+---------
         Total |       0 |      38 |   0.0 |       0 |      15 |   0.0 |  1181
               +---------+---------+-------+---------+---------+-------+---------
           D:1 |       0 |      10 |   0.0 |       0 |       5 |   0.0 |   124
           D:2 |       0 |      28 |   0.0 |       0 |      10 |   0.0 |  1057
               +---------+---------+-------+---------+---------+-------+---------
